 Dungeon Sprint DCSS version 0.29.1-15-g9cfb28693d (webtiles) character file.

Game seed: 18139535076660967980

16557 Groucho the Imperceptible (level 12, -6/66 HPs)
             Began as a Spriggan Fighter on Mar 18, 2023.
             Was a Priest of Uskayaw.
             Mangled by an orc knight
             ... wielding a +0 bardiche
              (28 damage)
             ... in the Dungeon (Sprint IX: "|||||||||||||||||||||||||||||").
             The game lasted 00:06:52 (3373 turns).

Groucho the Imperceptible (Spriggan Fighter)        Turns: 3373, Time: 00:06:52

Health: -6/66      AC:  3    Str: 14    XL:     12   Next: 11%
Magic:  23/23      EV: 30    Int: 16    God:    Uskayaw [***...]
Gold:   1359       SH:  8    Dex: 17    Spells: 11/11 levels left

rFire   . . .      SeeInvis +   m - +4 rapier (distort)
rCold   . . .      Faith    .   c - +0 buckler
rNeg    . . .      Spirit   .   b - +0 robe
rPois   .          Reflect  .   (helmet restricted)
rElec   .          Harm     .   s - +0 cloak
rCorr   .          Rampage  .   (gloves unavailable)
Will    ++...      NoTele   +   (boots unavailable)
Stlth   ++++++++..              (no amulet)
HPRegen 0.21/turn               a - +3 ring of intelligence
MPRegen 0.18/turn               n - +3 ring of intelligence

@: very quick
A: very small, no large weapons, unfitting armour, see invisible, speed 3
a: Renounce Religion, Stomp, Line Pass


You were in the Dungeon.
You worshipped Uskayaw.
Uskayaw was pleased with you.
You visited 1 branch You collected 1359 gold pieces.

Inventory:

Hand Weapons
 m - a +4 rapier of distortion (weapon)
Armour
 b - a +0 robe (worn)
 c - a +0 buckler (worn)
 s - a +0 cloak (worn)
Jewellery
 a - a +3 ring of intelligence (left hand)
 n - a +3 ring of intelligence (right hand)
Wands
 l - a wand of roots (10)
Scrolls
 j - 2 scrolls of blinking
 k - 2 scrolls of amnesia
 o - 2 scrolls of identify
 q - 2 scrolls of fear
 r - 2 scrolls of enchant armour
Potions
 d - a potion of might
 e - 4 potions of curing
 f - 2 potions of haste
 g - a potion of berserk rage
 h - 4 potions of magic
 i - 2 potions of heal wounds
 p - a potion of flight


   Skills:
 + Level 9.1 Fighting
 - Level 14.0 Short Blades
 * Level 18.9 Dodging
 * Level 21.6 Stealth
 + Level 8.4 Shields
 * Level 14.5 Invocations


You had 11 spell levels left.
You didn't know any spells.
Your spell library was empty.

Dungeon Overview and Level Annotations

Branches:
Dungeon (1/1)

Altars:
Cheibriados
Dithmenos
Elyvilon
Fedhas
Gozag
Hepliaklqana
Kikubaaqudgha
Makhleb
Nemelex Xobeh
Okawaru
Qazlal
Ru
Sif Muna
Trog
Uskayaw
Vehumet
Wu Jian
Xom
Yredelemnul
Zin
The Shining One
Jiyva
Lugonu

Shops:
D *?*=


Innate Abilities, Weirdness & Mutations

You are very small and have problems with some larger weapons.
You are too small for most types of armour.
You have supernaturally acute eyesight. (SInv)
You cover ground extremely quickly. (Speed+++)


Message History

Unknown command.
You hit the orc sorcerer.
Space warps around the orc sorcerer.
The orc sorcerer is heavily wounded.
Uskayaw will force your foes to helplessly watch your dance.
Uskayaw prepares the audience for your solo!
Unknown command.
The helpless orc sorcerer fails to defend itself.
You stick the orc sorcerer like a pincushion!!!!!
You kill the orc sorcerer!
There is an entrance to Roesih's Assorted Antiques here.
Things that are here:
a +0 dagger; a +2 robe of willpower; 50 gold pieces Unknown command.
The helpless orc fails to defend itself.
You perforate the orc like a sieve!!!!!
You kill the orc!
Items here: $ ) [ †.
Unknown command.
The orc knight is no longer paralysed.
There is an entrance to Roesih's Assorted Antiques here.
Things that are here:
a +0 dagger; a +2 robe of willpower; 50 gold pieces You block the orc knight's attack.
There is an entrance to Aten's Magic Scroll Boutique here.
Items here: $ ) [ †.
You closely miss the orc knight.
The orc knight is lightly wounded.
The orc knight hits you with a +0 bardiche!!
You hit the orc knight but do no damage.
The orc knight is lightly wounded.
The orc knight blinks!
Unknown command.
Unknown command.
The orc knight completely misses you.
There is an entrance to Aten's Magic Scroll Boutique here.
Items here: $ ) [ †.
You closely miss the orc knight.
The orc knight is lightly wounded.
The orc knight hits you with a +0 bardiche!!
You die...

▓)▓.▓[▓.▓
▓'▓.▓[▓.▓+▓
▓.▓.▓.▓.▓.▓
▓)▓.▓.▓.▓.▓
▓[▓.▓.▓.▓.▓
▓)▓.▓'▓.▓.▓
▓.▓.▓[▓.▓)▓
▓.▓.▓(▓.▓o▓
▓'▓.▓[▓.▓@▓
▓.▓.▓(▓.▓∩▓
▓.▓.▓.▓.▓.▓
▓[▓.▓.▓.▓∩▓
▓[▓.▓.▓.▓.▓
▓[▓.▓.▓.▓∩▓
▓.▓.▓÷▓.▓)▓
▓)▓.▓.▓.▓$▓
▓.▓.▓.▓.▓$▓


You could see an orc knight.

Vanquished Creatures
  A hydra (D)
  2 catoblepae (D)
  A two-headed ogre (D)
  A centaur warrior (D)
  5 death yaks (D)
  3 orc high priests (D)
  4 orc knights (D)
  An orc sorcerer (D)
  An elephant (D)
  A black mamba (D)
  A torpor snail (D)
  2 cane toads (D)
  2 unseen horrors (D)
  2 komodo dragons (D)
  A troll (D)
  A meliai (D)
  A polar bear (D)
  A vampire (D)
  A basilisk (D)
  3 yaks (D)
  A vampire mosquito (D)
  5 water moccasins (D)
  13 orc warriors (D)
  An ogre (D)
  3 bullfrogs (D)
  A scorpion (D)
  3 orc priests (D)
  An iguana (D)
  3 orc wizards (D)
  An adder (D)
  11 orcs (D)
  2 hobgoblins (D)
  A kobold (D)
  2 rats (D)
83 creatures vanquished.

Vanquished Creatures (others)
  An orc warrior (D)
1 creature vanquished.

Grand Total: 84 creatures vanquished

Notes
Turn   | Place    | Note
-------+----------+-------------------------------------------
     0 | D        | Groucho the Spriggan Fighter began the quest for the Orb.
     0 | D        | Reached XP level 1. HP: 11/11 MP: 2/2
     9 | D        | Reached skill level 1 in Stealth
    13 | D        | Reached skill level 1 in Invocations
    18 | D        | Reached skill level 2 in Stealth
   116 | D        | Noticed an ogre
   116 | D        | Noticed an iguana
   116 | D        | Noticed a scorpion
   133 | D        | Killed a scorpion
   134 | D        | Reached skill level 5 in Stealth
   134 | D        | Reached XP level 2. HP: 12/16 MP: 2/5
   134 | D        | Reached XP level 3. HP: 15/20 MP: 2/6
   134 | D        | Reached XP level 4. HP: 18/24 MP: 2/7
   140 | D        | Reached skill level 6 in Stealth
   144 | D        | Killed an ogre
   145 | D        | Reached skill level 5 in Short Blades
   145 | D        | Reached skill level 7 in Stealth
   145 | D        | Reached XP level 5. HP: 22/29 MP: 3/9
   290 | D        | Found a snail-covered altar of Cheibriados.
   290 | D        | Found a shadowy altar of Dithmenos.
   290 | D        | Found a white marble altar of Elyvilon.
   290 | D        | Found a blossoming altar of Fedhas.
   290 | D        | Found an opulent altar of Gozag.
   291 | D        | Found a hazy altar of Hepliaklqana.
   292 | D        | Found a viscous altar of Jiyva.
   293 | D        | Found an ancient bone altar of Kikubaaqudgha.
   294 | D        | Found a corrupted altar of Lugonu.
   295 | D        | Found a burning altar of Makhleb.
   296 | D        | Found a sparkling altar of Nemelex Xobeh.
   297 | D        | Found an iron altar of Okawaru.
   298 | D        | Found a stormy altar of Qazlal.
   299 | D        | Found a sacrificial altar of Ru.
   300 | D        | Found a shimmering blue altar of Sif Muna.
   301 | D        | Found a bloodstained altar of Trog.
   302 | D        | Found a hide-covered altar of Uskayaw.
   303 | D        | Found a radiant altar of Vehumet.
   304 | D        | Found an ornate altar of the Wu Jian Council.
   305 | D        | Found a shimmering altar of Xom.
   306 | D        | Found a basalt altar of Yredelemnul.
   307 | D        | Found a glowing silver altar of Zin.
   308 | D        | Found a glowing golden altar of the Shining One.
   310 | D        | Became a worshipper of Uskayaw the Reveller
   340 | D        | Noticed a two-headed ogre
   340 | D        | Noticed a troll
   340 | D        | Noticed an unseen horror
   340 | D        | Noticed an orc warrior
   340 | D        | Noticed a vampire mosquito
   340 | D        | Noticed a yak
   342 | D        | Reached * piety under Uskayaw
   343 | D        | Killed a yak
   344 | D        | Reached skill level 9 in Stealth
   344 | D        | Reached skill level 5 in Invocations
   344 | D        | Reached XP level 6. HP: 33/33 MP: 9/11
   344 | D        | Reached ** piety under Uskayaw
   347 | D        | Killed a vampire mosquito
   347 | D        | Reached *** piety under Uskayaw
   350 | D        | Killed an orc warrior
   350 | D        | Reached **** piety under Uskayaw
   351 | D        | Reached skill level 10 in Stealth
   351 | D        | Reached XP level 7. HP: 38/38 MP: 9/13
   355 | D        | Killed a troll
   356 | D        | Reached skill level 10 in Dodging
   356 | D        | Reached skill level 11 in Stealth
   357 | D        | Killed a two-headed ogre
   357 | D        | Reached ***** piety under Uskayaw
   358 | D        | Reached skill level 5 in Fighting
   358 | D        | Reached skill level 12 in Stealth
   358 | D        | Reached skill level 5 in Shields
   358 | D        | Reached XP level 8. HP: 33/44 MP: 10/15
   362 | D        | Killed an unseen horror
   363 | D        | Reached skill level 13 in Stealth
   364 | D        | Noticed an unseen horror
   364 | D        | Noticed a centaur warrior
   364 | D        | Noticed a meliai
   364 | D        | Noticed a seven-headed hydra
   368 | D        | Reached skill level 10 in Short Blades
   369 | D        | HP: 1/44 [seven-headed hydra (11)]
   373 | D        | Killed an unseen horror
   374 | D        | Reached XP level 9. HP: 13/48 MP: 7/16
   375 | D        | Killed a seven-headed hydra
   376 | D        | Reached skill level 14 in Stealth
   377 | D        | Killed a meliai
   377 | D        | Reached ****** piety under Uskayaw
   378 | D        | Reached skill level 15 in Stealth
   378 | D        | Reached skill level 10 in Invocations
   381 | D        | Killed a centaur warrior
   759 | D        | Noticed a torpor snail
   759 | D        | Noticed a cane toad
   761 | D        | Noticed a cane toad
   763 | D        | Noticed a black mamba
   767 | D        | Killed a cane toad
   769 | D        | Killed a torpor snail
   770 | D        | Reached skill level 16 in Stealth
   770 | D        | Reached XP level 10. HP: 26/53 MP: 14/19
   777 | D        | Killed a black mamba
   778 | D        | Killed a cane toad
  1256 | D        | Noticed an elephant
  1263 | D        | Reached skill level 15 in Dodging
  1263 | D        | Killed an elephant
  1264 | D        | Reached skill level 17 in Stealth
  1397 | D        | Noticed a death yak
  1397 | D        | Noticed a catoblepas
  1397 | D        | Noticed a death yak
  1397 | D        | Noticed a death yak
  1397 | D        | Noticed a death yak
  1397 | D        | Noticed a catoblepas
  1398 | D        | Noticed a death yak
  1404 | D        | Noticed a death yak
  1408 | D        | Killed a catoblepas
  1409 | D        | Reached skill level 18 in Stealth
  1409 | D        | Killed a death yak
  1410 | D        | Reached XP level 11. HP: 59/59 MP: 19/21
  1425 | D        | Killed a death yak
  1432 | D        | Killed a death yak
  1436 | D        | Killed a catoblepas
  1437 | D        | Reached skill level 19 in Stealth
  1438 | D        | Killed a death yak
  1450 | D        | Banished a death yak
  1455 | D        | Killed a death yak
  2121 | D        | Noticed an orc knight
  2121 | D        | Noticed an orc knight
  2124 | D        | Reached skill level 20 in Stealth
  2255 | D        | Killed an orc knight
  2285 | D        | Killed an orc knight
  2762 | D        | Found Ahuad's Jewellery Boutique.
  2762 | D        | Noticed an orc high priest
  2762 | D        | Noticed an orc high priest
  2762 | D        | Noticed an orc high priest
  2762 | D        | Noticed an orc knight
  2763 | D        | Noticed an orc knight
  2767 | D        | Killed an orc knight
  2938 | D        | Noticed a sun demon
  2945 | D        | Noticed a sun demon
  2946 | D        | Killed an orc high priest
  2947 | D        | Reached skill level 21 in Stealth
  3011 | D        | Killed an orc high priest
  3280 | D        | Killed an orc high priest
  3281 | D        | Reached XP level 12. HP: 66/66 MP: 23/23
  3340 | D        | Found Peyrhaikk's General Store.
  3342 | D        | Found Aten's Magic Scroll Boutique.
  3345 | D        | Found Roesih's Assorted Antiques.
  3373 | D        | Mangled by an orc knight

Illustrated notes

Levels and vault maps discovered:
D:        linesprint [early_d, line_temple, items_1, d_10, items_2, lair_1,
          lair_end, items_3, orc_1, orc_end, items_4, d_15, swamp_1, shoals_1,
          snake_1, spider_1, d_20, vaults_1, items_5, swamp_end, shoals_end,
          snake_end, spider_end, vaults_end, d_27, items_6, zot_1, zot_end,
          crypt_end, forest_end, elf_end, slime_end, tomb_end, abyss_end,
          pan_hell_end]

Skill      XL: |  1  2  3  4  5  6  7  8  9 10 11 |
---------------+----------------------------------+-----
Stealth        | 5 7 9 10 12 13 16 18 21 | 21.6
Invocations    | 3 4 5 6 8 9 10 12 14 | 14.5
Fighting       | 3 4 5 6 7 9 |  9.1
Short Blades   | 4 5 6 7 9 10 11 13 14 | 14.0
Dodging        | 6 7 8 9 11 12 14 16 18 | 18.9
Shields        | 3 4 5 6 7 8 |  8.4

Action                   |  1- 3 |  4- 6 |  7- 9 | 10-12 || total
-------------------------+-------+-------+-------+-------++-------
Melee: Rapier            |    28 |    17 |    24 |   188 ||   257
Invok: Line Pass         |       |       |     2 |     5 ||     7
  Use: Potion            |     1 |     2 |     4 |     1 ||     8
       Scroll            |       |       |     2 |       ||     2
 Stab: Sleeping          |       |     2 |       |     3 ||     5
       Invisible         |       |     1 |     5 |       ||     6
       Paralysed         |       |       |     1 |    15 ||    16
       Confused          |       |       |       |     3 ||     3
       Distracted        |       |       |       |     4 ||     4
       Petrified         |       |       |       |     1 ||     1
Armor: Robe              |     2 |       |       |     2 ||     4
Dodge: Dodged            |    19 |     8 |    25 |    68 ||   120
Block: Buckler           |     3 |     2 |     7 |    27 ||    39
